 Dungeon Crawl Stone Soup version 0.30-a0-883-g5ad918d77d (webtiles) character file.

Game seed: 14999516620617307796

5212 holysushi the Slicer (level 10, -21/62 (63) HPs)
             Began as an Octopode Monk on Mar 17, 2023.
             Was an Initiate of Gozag.
             Demolished by Gastronok (37 damage)
             ... on level 8 of the Dungeon.
             The game lasted 00:14:44 (8454 turns).

holysushi the Slicer (Octopode Monk)                Turns: 8454, Time: 00:14:45

HP:   -21/62 (63)   AC:  3    Str: 10    XL:     10   Next: 61%
MP:   10/10         EV: 23    Int: 14    God:    Gozag
Gold: 35            SH: 21    Dex: 24    Spells: 9/9 levels left

rFire   . . .      SeeInvis .    a - +0 dagger (elec)
rCold   . . .      Faith    .    w - +0 tower shield
rNeg    . . .      Spirit   .    (helmet restricted)
rPois   .          Reflect  +    A - amulet of reflection
rElec   .          Rampage  .    c - +6 ring of dexterity
rCorr   .          Rnd*Tele +    y - ring of willpower
Will    +....                    g - +5 ring of evasion
Stlth   +++++                    (no ring)
HPRegen 0.30/turn                (no ring)
MPRegen 0.12/turn                (no ring)
                                 (no ring)
                                 (no ring)

@: about to teleport, lightly drained
A: almost no armour, amphibious, 8 rings, camouflage 1, gelatinous body 1,
nimble swimmer 1, tentacles, tentacle spike 1, iridescent scales 1, teleportitis
1, no potion heal 1
a: Renounce Religion, Potion Petition, Call Merchant, Bribe Branch


You were on level 8 of the Dungeon.
You worshipped Gozag.
Gozag was noncommittal.
You visited 2 branches of the dungeon, and saw 9 of its levels.
You also visited: Bailey.

You collected 1933 gold pieces.
You spent 1056 gold pieces at shops.
You paid 842 gold pieces to Gozag.

Inventory:

Hand Weapons
 a - a +0 dagger of electrocution (weapon)
 b - a +1 shortbow of draining
 e - a +1 dagger of venom
 f - a +0 short sword
 m - a +0 rapier of venom
 u - the +1 dagger of Hubris {vamp, rElec MP+9 Int+3 Dex+5}
   (You found it on level 5 of the Dungeon)

   Int:       It affects your intelligence (+3).
   Dex:       It affects your dexterity (+5).
   rElec:     It insulates you from electricity.
   MP:        It affects your magic capacity (+9).
Missiles
 d - 2 throwing nets (quivered)
Armour
 h - an orb of guile
 w - a +0 tower shield (worn)
Jewellery
 c - a +6 ring of dexterity (left tentacle)
 g - a +5 ring of evasion (on tentacle)
 y - a ring of willpower (right tentacle)
 A - an amulet of reflection (around mantle)
Scrolls
 k - a scroll of teleportation
 o - 4 scrolls of fog
 p - a scroll of vulnerability
 s - a scroll of silence
 v - a scroll of immolation
 x - 2 scrolls of identify
Potions
 i - 2 potions of attraction
 j - 3 potions of flight
 l - a potion of might
 n - 2 potions of ambrosia
 q - 3 potions of heal wounds
 r - a potion of brilliance
 t - 3 potions of curing
Miscellaneous
 z - a phial of floods (inert)


   Skills:
 - Level 3.7 Fighting
 - Level 10.4 Short Blades
 - Level 2.1 Ranged Weapons
 + Level 10.0 Dodging
 - Level 4.2 Stealth
 * Level 5.1 Shields
 - Level 2.0 Evocations


You had 9 spell levels left.
You didn't know any spells.
Your spell library contained the following spells:

 Spells                   Type           Power      Damage    Failure   Level
 Magic Dart               Conj           0%         1d3       97%         1
 Call Imp                 Summ           0%         N/A       99%         2
 Lesser Beckoning         Tloc           0%         N/A       99%         2
 Frozen Ramparts          Ice            0%         1d1       100%        3
 Gell's Gravitas          Tloc           0%         N/A       100%        3
 Mephitic Cloud           Conj/Pois/Air  0%         N/A       100%        3
 Ozocubu's Armour         Ice            0%         N/A       100%        3
 Teleport Other           Tloc           0%         N/A       100%        3
 Ice Form                 Ice/Tmut       0%         N/A       100%        4
 Summon Ice Beast         Ice/Summ       0%         N/A       100%        4
 Ozocubu's Refrigeration  Ice            0%         4d7       100%        7
 Borgnjor's Revivificati  Necr           0%         N/A       100%        8
 Necromutation            Tmut/Necr      0%         N/A       100%        8
 Death's Door             Necr           0%         N/A       100%        9


Dungeon Overview and Level Annotations

Branches:
Dungeon (8/15) Zot: 26322  Temple (1/1) D:6 Zot: 5716  Bailey (visited)
   Lair: D:8-11

Altars:
Elyvilon
Fedhas
Gozag
Hepliaklqana
Makhleb
Okawaru
Qazlal
Ru
Uskayaw
Wu Jian
Yredelemnul
The Shining One

Shops:
D:4 (   D:8 =

Annotations:
D:3 Pimp's ghost, amateur FoWn
D:4 2 transporters, Demosthentine's ghost, amateur DsGl
D:8 Gastronok


Innate Abilities, Weirdness & Mutations

You cannot wear most types of armour.
You are amphibious.
You can wear up to eight rings at the same time.
Your skin changes colour to match your surroundings (Stealth+).
Your rubbery body absorbs attacks. (AC +1, EV +1)
You are camouflaged when in or above water. (Stealth+)
You have tentacles for arms and can constrict up to eight enemies at once.
One of your tentacles bears a spike.
You are partially covered in iridescent scales. (AC +2)
You are occasionally teleported next to monsters.
Potions are less effective at restoring your health.


Message History

No target in view!
You now have 24 gold pieces (gained 6).
You flicker for a moment.
You feel a little less mighty now.
You flicker back into view.
You open the door.
There is an open door here.
t - 3 potions of curing (gained 1)
You now have 35 gold pieces (gained 11).
Key pressed, stopping explore.
Found a stone staircase leading down.
Gastronok the Ponderous comes into view.
He is wearing the +3 hat of Pondering {ponderous, Will+ MP+10 Int+5}.
Gastronok is nearby!
Gastronok is nearby!
Gastronok is nearby!
Gastronok is nearby!
Found a spear.
Aim the phial where?
Press: ? - help, Shift-Dir - straight line, f - Gastronok
Aim: Gastronok, wearing the +3 hat of Pondering {ponderous, Will+ MP+10 Int+5} The torrent of water hits Gastronok!
Gastronok is lightly wounded.
The wave splashes down.
Gastronok waves his eye-stalks in wide circles.
The air twists around and strikes you!
You enter the shallow water.
Gastronok waves his eye-stalks in wide circles.
The air twists around and strikes you!
You hit Gastronok.
You pierce Gastronok.
You squeeze Gastronok.
Gastronok is lightly wounded.
Gastronok bites you!!
* * * LOW HITPOINT WARNING * * *
You completely miss Gastronok.
You pierce Gastronok, but do no damage.
You squeeze Gastronok!
Gastronok is lightly wounded.
As you read the scroll of teleportation, it crumbles to dust.
You feel strangely unstable. Gastronok bites you!!!
Ouch! That really hurt!
You die...
Your body crumbles into a pile of gold.

.,..#***#.....>#.# #.#
#.....,,.......#.######.##
,,....,..................#
,,,...,..........#########
#<,,.,,.##.###.#.#######***
*******,**,* #,#.....)..,,*
***,**,***,#.#######*,*
*,,,,,,,,,,#.# *,*
******,****#@# *,*
**********,* #w#*******,**
,,,,,,,,,,,* #~~,,,,,,,,,*
************ #.##******,**
#.# *,* ### ***


You could see Gastronok.

Vanquished Creatures
  An orc knight (Bailey)
  Maggie (D:6)
  A hornet (D:7)
  Prince Ribbit (D:6)
  Sigmund (D:6)
  Eustachio (D:6)
  An acid dragon (D:5)
  5 water moccasins
  A black bear (D:6)
  7 orc warriors
  4 ice beasts
  A sky beast (D:7)
  2 ogres
  2 centaurs
  2 phantoms (D:4)
  6 bullfrogs
  A scorpion (D:6)
  3 wights (D:8)
  A crimson imp (D:4)
  3 hounds
  4 quasits (D:3)
  A jelly (D:6)
  2 orc priests
  2 gnoll boudas
  A sleepcap (D:7)
  3 iguanas
  4 orc wizards
  10 gnolls
  8 adders
  A shadow imp (D:8)
  4 white imps (D:6)
  5 ufetubi
  3 worms
  2 dart slugs
  16 orcs
  8 ball pythons
  6 endoplasms
  2 giant cockroaches
  14 goblins
  11 hobgoblins
  8 jackals
  17 kobolds
  5 quokkas
  3 bats
  9 frilled lizards
  2 goblin skeletons (D:4)
  2 goblin zombies (D:4)
  A hobgoblin zombie (D:4)
  A kobold skeleton (D:4)
  2 kobold zombies (D:4)
  2 orc skeletons (D:4)
  An orc zombie (D:4)
  3 rats
208 creatures vanquished.

Vanquished Creatures (others)
  A demonic plant (D:6)
1 creature vanquished.

Grand Total: 209 creatures vanquished

Notes
Turn   | Place    | Note
-------+----------+-------------------------------------------
     0 | D:1      | holysushi the Octopode Monk began the quest for the Orb.
     0 | D:1      | Reached XP level 1. HP: 16/16 MP: 1/1
   273 | D:1      | Reached XP level 2. HP: 21/21 MP: 2/2
   283 | D:1      | You fall into a shaft and drop 1 floor!
   420 | D:1      | Reached XP level 3. HP: 20/26 MP: 3/3
  1133 | D:2      | Found a faded altar of an unknown god.
  1173 | D:2      | Reached XP level 4. HP: 23/31 MP: 4/4
  1271 | D:2      | Reached skill level 5 in Short Blades
  1856 | D:3      | Noticed Pimp's ghost (amateur FoWn)
  1874 | D:3      | Found a transporter.
  1960 | D:3      | Found a transporter.
  2093 | D:3      | Found a hazy altar of Hepliaklqana.
  2093 | D:3      | Found an ornate altar of the Wu Jian Council.
  2283 | D:4      | Found Volutzau's Weapon Emporium.
  2288 | D:4      | Found a transporter.
  2296 | D:4      | Noticed an ogre
  2297 | D:4      | Noticed Demosthentine's ghost (amateur DsGl)
  2298 | D:4      | Noticed an ogre
  2304 | D:4      | Reached XP level 5. HP: 36/36 MP: 5/5
  2314 | D:4      | Found a glowing golden altar of the Shining One.
  2520 | D:4      | Noticed a phantom
  2532 | D:4      | Killed a phantom
  2533 | D:4      | Reached XP level 6. HP: 32/42 MP: 6/6
  2823 | D:4      | Reached XP level 7. HP: 27/46 MP: 7/7
  2991 | D:4      | Found a transporter.
  3138 | D:5      | Entered Level 5 of the Dungeon
  3152 | D:5      | Reached skill level 1 in Evocations
  3622 | D:5      | Reached XP level 8. HP: 52/52 MP: 8/8
  3650 | D:5      | Identified the +1 dagger of Hubris {vamp, rElec MP+9 Int+3
                  | Dex+5}
  4139 | D:6      | Noticed Maggie
  4202 | D:6      | Noticed Sigmund
  4203 | D:6      | Found a staircase to the Ecumenical Temple.
  4212 | D:6      | Killed Sigmund
  4213 | D:6      | Reached skill level 5 in Dodging
  4221 | D:6      | Reached skill level 10 in Short Blades
  4229 | Temple   | Entered the Ecumenical Temple
  4381 | Temple   | Became a worshipper of Gozag Ym Sagoz the Greedy
  4508 | D:6      | Noticed a vampire
  4531 | D:6      | Noticed Eustachio
  4548 | D:6      | HP: 2/52 [something (11)]
  4549 | D:6      | Gained mutation: You have hidden genetic defects. [potion
                  | of mutation]
  4549 | D:6      | Gained mutation: You are partially covered in iridescent
                  | scales. (AC +2) [potion of mutation]
  4549 | D:6      | Gained mutation: One of your tentacles bears a spike.
                  | [potion of mutation]
  4743 | D:6      | Noticed Prince Ribbit
  4756 | D:6      | Killed Prince Ribbit
  4757 | D:6      | Reached XP level 9. HP: 57/57 MP: 9/9
  4759 | D:6      | Gained mutation: You are occasionally teleported next to
                  | monsters. [hidden defects]
  5272 | D:6      | Killed Eustachio
  5357 | D:6      | Killed Maggie
  5371 | D:6      | Gained mutation: Potions are less effective at restoring
                  | your health. [hidden defects]
  5371 | D:6      | Lost mutation: You have hidden genetic defects. [hidden
                  | defects expressed]
  6142 | D:7      | Noticed a hornet
  6196 | D:7      | Killed a hornet
  6197 | D:7      | Reached skill level 1 in Ranged Weapons
  6559 | D:7      | Reached XP level 10. HP: 63/63 MP: 10/10
  6606 | D:7      | Reached skill level 1 in Shields
  7264 | D:8      | Found a flagged portal.
  7275 | Bailey   | Entered a bailey
  7284 | Bailey   | Noticed an orc knight
  7445 | Bailey   | Killed an orc knight
  8132 | D:8      | Reached skill level 5 in Shields
  8224 | D:8      | Bought a +5 ring of evasion for 576 gold pieces
  8225 | D:8      | Bought an amulet of reflection for 480 gold pieces
  8254 | D:8      | Reached skill level 10 in Dodging
  8445 | D:8      | Noticed Gastronok
  8454 | D:8      | Demolished by Gastronok

Illustrated notes

Levels and vault maps discovered:
D:1:      denvon_arrival_planthouse, layout_basic, minmay_small_reverse_x
D:2:      layout_loops_ring, basic_ecumenical_altar
D:3:      layout_rooms, gammafunk_temple_overflow_wave,
          gammafunk_ghost_stat_death
D:4:      layout_rooms, nicolae_tso_besieged_by_evil, gammafunk_ghost_smash,
          serial_shops, nicolae_shop_bloodbath_and_beyond, minmay_quantized
D:5:      layout_loops_ring
D:6:      layout_cave_pools, minmay_temple_entry_junction, serial_demonic,
          serial_demonic_f, serial_demonic_c, serial_demonic_a,
          serial_demonic_c, uniq_prince_ribbit1, uniq_sigmund, uniq_maggie,
          uniq_eustachio
D:7:      layout_rooms, st_stairs_3
D:8:      layout_basic, enter_bailey_2, minmay_misc_feat_columns, uniq_gastronok
Temple:   nicolae_temple_bog_church

Skill      XL: |  1  2  3  4  5  6  7  8  9 10 |
---------------+-------------------------------+-----
Short Blades   | 4 5 6 7 9 10 | 10.4
Evocations     | 2 |  2.0
Dodging        | 5 8 10 | 10.0
Stealth        | 3 4 |  4.2
Ranged Weapons | 2 |  2.1
Shields        | 5 |  5.1
Fighting       | |  3.7

Action                     |  1- 3 |  4- 6 |  7- 9 | 10-12 || total
---------------------------+-------+-------+-------+-------++-------
  Melee: Short sword       |     9 |       |     1 |       ||    10
         Constrict         |    22 |    27 |    34 |    30 ||   113
         Dagger            |    67 |   147 |   175 |   129 ||   518
         Tentacles         |    11 |    26 |    48 |    40 ||   125
         Punch             |       |     1 |     2 |     4 ||     7
         Kick              |       |       |    45 |    54 ||    99
   Fire: Shortbow          |       |       |     6 |       ||     6
 Invoke: Potion Petition   |       |       |       |     1 ||     1
         Call Merchant     |       |       |       |     1 ||     1
  Evoke: Wand              |       |       |     2 |     2 ||     4
         Phial of floods   |       |       |       |     1 ||     1
    Use: Scroll            |       |     5 |     9 |     4 ||    18
         Potion            |       |       |    10 |       ||    10
   Stab: Sleeping          |     9 |    11 |    10 |     5 ||    35
         Distracted        |       |       |       |     3 ||     3
         Invisible         |       |       |       |     1 ||     1
 Armour: Skin              |     4 |     5 |    20 |     8 ||    37
  Dodge: Dodged            |    47 |    55 |   158 |    46 ||   306
  Block: Tower shield      |       |       |     3 |    97 ||   100

Table legend: (Time is in decaauts)
 A = Elapsed time spent in this place.
 B = Non-inter-level travel time spent in this place.
 C = Inter-level travel time spent in this place.
 D = Time resting spent in this place.
 E = Time spent auto-exploring this place.
 F = Levels seen in this place.
 G = Mean time per level.
                   A        B        C        D        E       F      G
               +--------+--------+--------+--------+--------+-----+--------+
         Total |   8287 |   7696 |    591 |   1994 |   3855 |  10 |  828.7 |
       Dungeon |   7467 |   6876 |    591 |   1610 |   3679 |   8 |  933.4 |
        Temple |    283 |    283 |      0 |    248 |      0 |   1 |  283.0 |
        Bailey |    536 |    536 |      0 |    136 |    176 |   1 |  536.0 |
               +--------+--------+--------+--------+--------+-----+--------+

Top non-repeatable levels by time:
     D:6: 1570 daAuts
     D:4: 1058 daAuts
     D:5: 977 daAuts
     D:3: 913 daAuts
     D:1: 906 daAuts
     D:7: 686 daAuts
     D:2: 677 daAuts
     D:8: 676 daAuts
  Bailey: 536 daAuts
  Temple: 283 daAuts
